 Dungeon Crawl Stone Soup version 0.23-a0-61-g4bf3f6c (webtiles) character file.

54 Amnesiac the Conjurer (level 3, -3/26 HPs)
             Began as a Mummy Conjurer on Aug 9, 2018.
             Killed from afar by an orc wizard (19 damage)
             ... with a puff of flame
             ... on level 2 of the Dungeon.
             The game lasted 00:03:14 (1384 turns).

Amnesiac the Conjurer (Mummy Conjurer)              Turns: 1384, Time: 00:03:15

Health: -3/26      AC:  6    Str: 11    XL:     3   Next: 66%
Magic:  2/7        EV: 11    Int: 17    God:
Gold:   113        SH:  0    Dex: 12    Spells: 5/8 levels left

rFire    x . .     SeeInvis .   a - +0 short sword (protect)
rCold    + + .     Gourm    .   (no shield)
rNeg     + + +     Faith    .   f - +0 ring mail
rPois    ∞         Spirit   .   (no helmet)
rElec    .         Reflect  .   (no cloak)
rCorr    .         Harm     .   c - +0 pair of gloves (curse)
MR       .....                  (no boots)
Stlth    +.........             (no amulet)
HPRegen  0.08/turn              i - +2 ring of intelligence
MPRegen  0.10/turn              j - ring of protection from cold

@: no status effects
A: no food or potions, fire vulnerability, cold resistance 1, negative energy
resistance 3, torment resistance, unbreathing
a: no special abilities


You were on level 2 of the Dungeon.
You were not hungry.

You visited 1 branch of the dungeon, and saw 4 of its levels.

You collected 113 gold pieces.

Inventory:

Hand Weapons
 a - a +0 short sword of protection (weapon)
Missiles
 b - 39 sling bullets
 e - 42 stones (quivered)
Armour
 c - a cursed +0 pair of gloves (worn)
 f - a +0 ring mail (worn)
Jewellery
 i - a +2 ring of intelligence (left hand)
 j - a ring of protection from cold (right hand)
Wands
 d - a wand of iceblast (7)
Scrolls
 g - a scroll of magic mapping {!r, unknown}
 h - a scroll of remove curse {!r}
 k - a scroll of blinking {!r}


   Skills:
 + Level 1.3 Fighting
 * Level 2.5 Dodging
 - Level 1.5 Stealth
 - Level 3.1 Spellcasting
 + Level 3.5 Conjurations


You had 5 spell levels left.
You knew the following spells:

 Your Spells              Type           Power        Failure   Level  Hunger
a - Magic Dart            Conj           ##..         10%         1    N/A
d - Searing Ray           Conj           ##....       16%         2    N/A

Your spell library contained the following spells:

 Spells                   Type           Power        Failure   Level  Hunger
 Iskenderun's Mystic Bla  Conj           ##......     69%         4    N/A
 Fulminant Prism          Conj/Hex       #.........   90%         4    N/A
 Dazzling Spray           Conj/Hex       #.....       52%         3    N/A
 Force Lance              Conj/Tloc      #.......     90%         4    N/A

Dungeon Overview and Level Annotations

Branches:
Dungeon (4/15)
 Temple: D:4-7

Altars:
Fedhas
Qazlal


Innate Abilities, Weirdness & Mutations

You do not eat or drink.
Your flesh is vulnerable to fire.
You are immune to poison.
Your flesh is cold resistant. (rC+)
You are immune to negative energy. (rN+++)
You are immune to unholy pain and torment.
You can survive without breathing.


Message History

Casting: Searing Ray (safe; 16% risk of failure)
Confirm with . or Enter, or press ? or * to list all spells.
Aiming: Searing Ray (safe; 16% risk of failure)
Press: ? - help, Shift-Dir - straight line, f/p - adder
Aim: an adder The searing ray hits the adder.
The adder is moderately wounded. (Press . to maintain the ray.)
The adder bites you.
The searing ray hits the adder.
The adder is heavily wounded.
The adder bites you but does no damage. The adder barely misses you.
The searing ray hits the adder.
You kill the adder!
The searing ray hits the orc.
You kill the orc!
You finish channeling your searing ray.
Autopickup is now on.
You start resting.
Your magical contamination has completely faded away.
You see here a scale mail.
There is a stone staircase leading down here.
You start resting.
Magic restored.
You start resting.
HP restored.
You start resting.
Magic restored.
You start resting.
A ball python comes into view.
You climb downwards.
The orc wizard gestures at you while chanting.
You resist with some effort.
There is a stone staircase leading up here.
The orc wizard casts a spell at you. The magic dart hits you!
You climb upwards.
There is a stone staircase leading down here.
Casting: Searing Ray (safe; 16% risk of failure)
Confirm with . or Enter, or press ? or * to list all spells.
Aiming: Searing Ray (safe; 16% risk of failure)
Press: ? - help, Shift-Dir - straight line, f - orc wizard
Aim: an orc wizard, wielding a dagger and wearing a robe The searing ray misses the orc wizard. (Press . to maintain the ray.)
The orc wizard barely misses you.
The searing ray hits the orc wizard.
The orc wizard is lightly wounded.
The orc wizard hits you but does no damage.
The searing ray hits the orc wizard.
The orc wizard is lightly wounded.
The orc wizard gestures at you while chanting.
The puff of flame hits you!
The searing ray hits the orc wizard.
The orc wizard is heavily wounded.
You finish channeling your searing ray.
The orc wizard points at you and mumbles some strange words.
The puff of flame misses you.
You barely miss the orc wizard.
The orc wizard is heavily wounded.
The orc wizard casts a spell at you. The puff of flame hits you!
The fire burns you terribly!
Ouch! That really hurt!
You die...

. .######### .....#...#
...######### ##.........
#......[..## #..........
#########@o####..........
#...........<.....)...
###.###...............
#..##.######........
#....######...####.
......#........#..#
#########.....###.##..
#.....###..†.S....
#...### ####.#....


You could see an orc wizard.

Vanquished Creatures
  An adder (D:2)
  An ooze (D:1)
  2 dart slugs
  2 leopard geckos
  2 orcs
  9 goblins
  A hobgoblin (D:3)
  3 jackals
  3 kobolds
  2 bats (D:1)
  4 frilled lizards
  3 rats
33 creatures vanquished.

Notes
Turn   | Place    | Note
-------+----------+-------------------------------------------
     0 | D:1      | Amnesiac the Mummy Conjurer began the quest for the Orb.
     0 | D:1      | Reached XP level 1. HP: 13/13 MP: 4/4
   377 | D:1      | Reached XP level 2. HP: 20/20 MP: 4/6
   381 | D:1      | Learned a level 2 spell: Searing Ray
   805 | D:1      | Reached skill level 1 in Fighting
   943 | D:2      | Reached XP level 3. HP: 26/26 MP: 2/7
  1115 | D:3      | Found a stormy altar of Qazlal.
  1216 | D:3      | Found a blossoming altar of Fedhas.
  1249 | D:4      | Noticed a sky beast
  1384 | D:2      | Killed from afar by an orc wizard

Vault maps used:
D:1:      scummos_arrival_simple_crosswalls, minmay_tromino_v4_a
D:2:      zin_academy
D:3:      fedhas_altar_2, old_standard_altar, kennysheep_generic_room_16
D:4:      temple_statues, first_ration

Skill      XL: |  1  2 |
---------------+-------+-----
Spellcasting   | 3 |  3.1
Dodging        | 2 |  2.5
Fighting       | 1 |  1.3
Stealth        | |  1.5
Conjurations   | |  3.5

Action                   || total
-------------------------++-------
Melee: Short sword       ||     8
 Cast: Magic Dart        ||    63
       Searing Ray       ||     4
  Use: Scroll            ||     2
Armor: Ring mail         ||     7
Dodge: Dodged            ||    14

Table legend:
 A = Non-vault XP
 B = Vault XP
 C = Vault XP percentage of total XP
 D = Non-vault monster count
 E = Vault monster count
 F = Vault count percentage of total count
 G = Total turns spent on level
                 A         B        C        D         E       F
            +---------+---------+-------+---------+---------+-------
      Total |      76 |       2 |   2.6 |      31 |       2 |   6.1
            +---------+---------+-------+---------+---------+-------
        D:1 |      33 |       2 |   5.7 |      16 |       2 |  11.1
        D:2 |      27 |       0 |   0.0 |       8 |       0 |   0.0
        D:3 |      16 |       0 |   0.0 |       7 |       0 |   0.0
            +---------+---------+-------+---------+---------+-------
